Checkers vs Tigers

Created - Saturday, December 05, 2015 at 02:02

Goals
1 2 3 OT1 SO T
Checkers 0 0 1 0 0 1
Tigers 0 1 0 0 1 2
Shots
1 2 3 OT1 SO T
Checkers 9 14 4 0 8 27
Tigers 6 7 6 0 8 19

1st period

No Goal

Penalties :
Brandon Mashinter (CHA) for Hooking (Minor) at 1:22, Petteri Lindbohm (CHA) for Diving (Minor) at 4:49, Wacey Hamilton (CHA) for Hooking (Minor) at 19:56

2nd period

1. Tigers , Patrick Kaleta 5 (Keith Seabrook, Cam Ward) at 0:22 (PP)

Penalties :
Anthony Peluso (BRI) for Fighting (Major) at 4:33, Tomas Vincour (CHA) for Fighting (Major) at 4:33, Cody McLeod (BRI) for Fighting (Major) at 5:04, Colin Campbell (CHA) for Fighting (Major) at 5:04, Cody McLeod (BRI) for Fighting (Major) at 15:01, Brandon Mashinter (CHA) for Fighting (Major) at 15:01, Cody McLeod (BRI) for instigated a fight (Minor) at 15:01, Cody McLeod (BRI) for instigated a fight (10 Minutes Misconduct) at 15:01

3rd period

2. Checkers , Jim O'Brien 4 (Peter Harrold, Petteri Lindbohm) at 11:48

Penalties :
Carter Rowney (BRI) for Slashing (Minor) at 1:03, Colin Campbell (CHA) for Holding (Minor) at 19:22

Overtime #1

No Goal

Penalties :
No Penalty

Shootout

Penalty Shot by Jason Chimera for Checkers - Stopped by Cam Ward
Penalty Shot by Brandon Defazio for Tigers - Stopped by Drew MacIntyre
Penalty Shot by Michael Bournival for Checkers - Stopped by Cam Ward
Penalty Shot by Brandon Bollig for Tigers - Stopped by Drew MacIntyre
Penalty Shot by Adam Cracknell for Checkers - Stopped by Cam Ward
Penalty Shot by Patrick Kaleta for Tigers - Stopped by Drew MacIntyre
Penalty Shot by Jim O'Brien for Checkers - Shot Misses the Net
Penalty Shot by Ty Rattie for Tigers - Stopped by Drew MacIntyre
Penalty Shot by Andrew Gordon for Checkers - Stopped by Cam Ward
Penalty Shot by Ronalds Kenins for Tigers - Stopped by Drew MacIntyre
Penalty Shot by Sean Backman for Checkers - Shot Misses the Net
Penalty Shot by Cody McLeod for Tigers - Stopped by Drew MacIntyre
Penalty Shot by Brandon Mashinter for Checkers - Stopped by Cam Ward
Penalty Shot by Jordan Leopold for Tigers - Shot Misses the Net
Penalty Shot by Darian Dziurzynski for Checkers - Stopped by Cam Ward
Penalty Shot by Harry Zolnierczyk for Tigers - Goal!

Penalties :
No Penalty

Goalie Stats

Drew MacIntyre (CHA), 18 saves from 19 shots - (0.947), OTL, 17-2-7, 65:00 minutes
Cam Ward (BRI), 26 saves from 27 shots - (0.963), W, 11-2-7, 65:00 minutes

Players Stats for Checkers

Player Name              G  A  P  +/- PIM S  H  SB GA TA FO     MP     PP MP  PK MP  
------------------------------------------------------------------------------------
Adam Cracknell           0  0  0   0  0   1  5  0  3  2  0/0    18:11   1:54   1:30 
Andrew Gordon            0  0  0   1  0   1  2  0  2  0  1/3    16:28   2:04   0:00 
Blake Parlett            0  0  0   0  0   0  1  1  0  1  0/0    22:08   2:24   2:24 
Brandon Mashinter        0  0  0   1  7   2  1  0  0  0  1/1    14:36   1:02   0:00 
Colin Campbell           0  0  0   0  7   0  1  0  0  0  0/0     6:59   1:02   0:00 
Darian Dziurzynski       0  0  0   0  0   0  1  0  1  0  0/0     9:13   0:00   0:00 
Jaime Sifers             0  0  0   0  0   0  2  0  0  0  0/0    16:41   0:00   0:00 
Jason Chimera            0  0  0   0  0   0  4  0  3  0  5/7    24:49   1:54   4:30 
Jim O'Brien              1  0  1   1  0   6  1  1  2  0  3/8    18:15   2:04   1:33 
Julien Brouillette       0  0  0   0  0   2  1  0  0  0  0/0    22:08   2:24   2:24 
Michael Bournival        0  0  0   0  0   2  3  0  5  0  2/7    19:41   1:54   3:28 
Michael Sdao             0  0  0   0  0   0  0  0  0  0  0/0    18:16   0:00   1:35 
Peter Harrold            0  1  1   1  0   4  1  2  0  7  0/0    26:11   1:34   3:59 
Petteri Lindbohm         0  1  1   1  2   3  2  1  1  0  0/0    24:48   1:34   2:24 
Sean Backman             0  0  0   0  0   3  1  0  1  0  0/1    16:20   0:00   0:23 
Tomas Vincour            0  0  0   0  5   2  2  0  2  1  0/1    14:54   0:00   0:00 
Wacey Hamilton           0  0  0   0  2   1  1  0  0  0  5/10   14:39   0:00   0:00 
Willie Coetzee           0  0  0   0  0   0  1  0  0  0  0/0     9:13   0:00   0:00 

Players Stats for Tigers

Player Name              G  A  P  +/- PIM S  H  SB GA TA FO     MP     PP MP  PK MP  
------------------------------------------------------------------------------------
Adam Comrie              0  0  0   0  0   2  1  5  0  2  0/0    21:58   2:26   0:49 
Alexander Khokhlachev    0  0  0   0  0   0  3  0  1  0  12/16  20:55   2:44   2:35 
Anthony Peluso           0  0  0   0  5   0  0  0  1  1  0/0    11:53   0:00   0:00 
Brandon Bollig           0  0  0   0  0   1  1  0  1  0  0/1    22:17   2:17   2:23 
Brandon Defazio          0  0  0  -1  0   1  1  0  1  0  0/0    12:22   0:00   1:52 
Carter Rowney            0  0  0   0  2   1  4  2  1  0  3/8    16:54   2:17   0:00 
Chandler Stephenson      0  0  0   0  0   0  1  0  0  2  1/5    14:13   0:00   0:13 
Cody McLeod              0  0  0  -1  22  5  4  0  1  0  1/2    14:29   0:00   0:00 
Connor Carrick           0  0  0   0  0   0  0  0  0  0  0/0    11:37   0:00   0:00 
Harry Zolnierczyk        0  0  0  -1  0   1  1  1  1  0  3/3    16:16   0:00   0:00 
Ian White                0  0  0   0  0   0  0  0  0  0  0/0     0:00   0:00   0:00 
Jordan Leopold           0  0  0   0  0   0  0  1  0  0  0/0    20:59   0:00   3:09 
Kane Lafranchise         0  0  0  -1  0   0  1  3  0  3  0/0    26:31   2:26   0:49 
Keith Seabrook           0  1  1  -1  0   0  0  2  0  0  0/0    19:37   2:35   0:00 
Kyle Quincey             0  0  0   0  0   1  1  1  0  4  0/0    29:18   2:35   3:09 
Patrick Kaleta           1  0  1   0  0   3  2  1  4  0  0/0    21:00   2:44   0:44 
Ronalds Kenins           0  0  0   0  0   1  2  0  4  1  1/3    17:59   2:44   0:00 
Ty Rattie                0  0  0   0  0   3  1  0  3  1  0/0    17:40   2:17   0:09 

3 Stars

1 - Cam Ward (BRI)
2 - Jim O'Brien (CHA)
3 - Drew MacIntyre (CHA)

Power Play

Checkers - 0 on 2 Attempt(s) - 0.00%
Tigers - 1 on 4 Attempt(s) - 25.00%

Penalty Kill

Checkers - 3 on 4 Attempt(s) - 75.00% - Score 0 goal in Penalty Kill
Tigers - 2 on 2 Attempt(s) - 100.00% - Score 0 goal in Penalty Kill

Team Stat

Checkers - Hits : 30 - Faceoff Wins : 17 - Blocked Shots : 5 - Penalty Minutes : 23
Tigers - Hits : 23 - Faceoff Wins : 21 - Blocked Shots : 16 - Penalty Minutes : 29

Official

Referees : Unknown
Linesman : Unknown

Game Notes

Anthony Peluso and Tomas Vincour fight to a draw at 4:33 of 2nd period
Colin Campbell beats up Cody McLeod at 5:04 of 2nd period
Cody McLeod and Brandon Mashinter fight to a draw at 15:01 of 2nd period

Finance

Level 1 -- Attendance: 1621 (81.05%) -- Ticket Income $56,735
Level 2 -- Attendance: 810 (81.00%) -- Ticket Income $12,150
Total Attendance: 2431 (81.03%)
Total Ticket Income: $68,885
Other Income: $33,754
Total Income: $102,639

Checkers

5 vs 5 Forward 
   Center                   Left Wing                Right Wing               Time % Phy DF OF 
 1 Michael Bournival        Jason Chimera            Adam Cracknell           35     1   2  2  
 2 Jim O'Brien              Brandon Mashinter        Andrew Gordon            30     1   2  2  
 3 Wacey Hamilton           Tomas Vincour            Sean Backman             22     1   2  2  
 4 Jason Chimera            Darian Dziurzynski       Willie Coetzee           13     1   2  2  

5 vs 5 Defense 
   Defense                  Defense                                           Time % Phy DF OF 
 1 Peter Harrold            Petteri Lindbohm                                  35     1   2  2  
 2 Blake Parlett            Julien Brouillette                                30     1   2  2  
 3 Jaime Sifers             Michael Sdao                                      22     1   2  2  
 4 Peter Harrold            Petteri Lindbohm                                  13     1   2  2  

PowerPlay Forward 
   Center                   Left Wing                Right Wing               Time % Phy DF OF 
 1 Michael Bournival        Jason Chimera            Adam Cracknell           60     1   2  2  
 2 Jim O'Brien              Brandon Mashinter        Andrew Gordon            40     1   2  2  

PowerPlay Defense
   Defense                  Defense                                           Time % Phy DF OF 
 1 Peter Harrold            Petteri Lindbohm                                  60     1   2  2  
 2 Blake Parlett            Julien Brouillette                                40     1   2  2  

Penalty Kill 4 Players Forward 
   Center                   Wing                     Time % Phy DF OF 
 1 Jason Chimera            Michael Bournival        60     1   2  2  
 2 Adam Cracknell           Jim O'Brien              40     1   2  2  

Penalty Kill 4 Players Defense
   Defense                  Defense                  Time % Phy DF OF 
 1 Peter Harrold            Petteri Lindbohm         60     1   2  2  
 2 Blake Parlett            Julien Brouillette       40     1   2  2  

Penalty Kill - 3 Players Forward 
   Forward                                           Time % Phy DF OF 
 1 Jason Chimera                                     60     1   2  2  
 2 Michael Bournival                                 40     1   2  2  

Penalty Kill - 3 Players Defense
   Defense                  Defense                  Time % Phy DF OF 
 1 Peter Harrold            Petteri Lindbohm         60     1   2  2  
 2 Blake Parlett            Julien Brouillette       40     1   2  2  

4 vs 4 Forward 
   Center                   Wing                     Time % Phy DF OF 
 1 Jason Chimera            Michael Bournival        60     1   2  2  
 2 Adam Cracknell           Jim O'Brien              40     1   2  2  

4 vs 4 Defense
   Defense                  Defense                  Time % Phy DF OF 
 1 Peter Harrold            Petteri Lindbohm         60     1   2  2  
 2 Blake Parlett            Julien Brouillette       40     1   2  2  

Last Minutes Offensive
   Center                   Left Wing                Right Wing               Defense                  Defense                  
   Michael Bournival        Jason Chimera            Adam Cracknell           Peter Harrold            Petteri Lindbohm         

Last Minutes Defensive
   Center                   Left Wing                Right Wing               Defense                  Defense                  
   Michael Bournival        Jason Chimera            Adam Cracknell           Peter Harrold            Petteri Lindbohm         

Goaltenders
Starting : Drew MacIntyre           
Backup : John Muse                

Extra Forwards
Normal : Colin Campbell, Tomas Vincour, Sean Backman - PP : Colin Campbell, Tomas Vincour - PK : Sean Backman
Extra Defensemen
Normal : Jaime Sifers, Michael Sdao, Blake Parlett - PP : Jaime Sifers - PK : Michael Sdao, Blake Parlett
Penalty Shots
Jason Chimera, Michael Bournival, Adam Cracknell, Jim O'Brien, Andrew Gordon

Tigers

5 vs 5 Forward 
   Center                   Left Wing                Right Wing               Time % Phy DF OF 
 1 Alexander Khokhlachev    Cody McLeod              Patrick Kaleta           35     1   2  2  
 2 Carter Rowney            Brandon Bollig           Ty Rattie                30     1   2  2  
 3 Chandler Stephenson      Ronalds Kenins           Anthony Peluso           22     1   2  2  
 4 Harry Zolnierczyk        Brandon Defazio          Brandon Bollig           13     1   2  2  

5 vs 5 Defense 
   Defense                  Defense                                           Time % Phy DF OF 
 1 Kyle Quincey             Jordan Leopold                                    35     1   2  2  
 2 Adam Comrie              Kane Lafranchise                                  30     1   2  2  
 3 Kane Lafranchise         Keith Seabrook                                    22     1   2  2  
 4 Kyle Quincey             Connor Carrick                                    13     1   2  2  

PowerPlay Forward 
   Center                   Left Wing                Right Wing               Time % Phy DF OF 
 1 Alexander Khokhlachev    Ronalds Kenins           Patrick Kaleta           60     1   2  2  
 2 Carter Rowney            Brandon Bollig           Ty Rattie                40     1   2  2  

PowerPlay Defense
   Defense                  Defense                                           Time % Phy DF OF 
 1 Kyle Quincey             Keith Seabrook                                    60     1   2  2  
 2 Adam Comrie              Kane Lafranchise                                  40     1   2  2  

Penalty Kill 4 Players Forward 
   Center                   Wing                     Time % Phy DF OF 
 1 Alexander Khokhlachev    Brandon Bollig           60     1   2  2  
 2 Patrick Kaleta           Ty Rattie                40     1   2  2  

Penalty Kill 4 Players Defense
   Defense                  Defense                  Time % Phy DF OF 
 1 Kyle Quincey             Jordan Leopold           60     1   2  2  
 2 Adam Comrie              Kane Lafranchise         40     1   2  2  

Penalty Kill - 3 Players Forward 
   Forward                                           Time % Phy DF OF 
 1 Patrick Kaleta                                    60     1   2  2  
 2 Brandon Bollig                                    40     1   2  2  

Penalty Kill - 3 Players Defense
   Defense                  Defense                  Time % Phy DF OF 
 1 Kyle Quincey             Keith Seabrook           60     1   2  2  
 2 Adam Comrie              Kane Lafranchise         40     1   2  2  

4 vs 4 Forward 
   Center                   Wing                     Time % Phy DF OF 
 1 Cody McLeod              Brandon Bollig           60     1   2  2  
 2 Patrick Kaleta           Ty Rattie                40     1   2  2  

4 vs 4 Defense
   Defense                  Defense                  Time % Phy DF OF 
 1 Kyle Quincey             Kane Lafranchise         60     1   2  2  
 2 Adam Comrie              Keith Seabrook           40     1   2  2  

Last Minutes Offensive
   Center                   Left Wing                Right Wing               Defense                  Defense                  
   Alexander Khokhlachev    Cody McLeod              Patrick Kaleta           Kyle Quincey             Jordan Leopold           

Last Minutes Defensive
   Center                   Left Wing                Right Wing               Defense                  Defense                  
   Alexander Khokhlachev    Cody McLeod              Patrick Kaleta           Kyle Quincey             Jordan Leopold           

Goaltenders
Starting : Cam Ward                 
Backup : Scott Munroe             

Extra Forwards
Normal : Harry Zolnierczyk, Ronalds Kenins, Brandon Defazio - PP : Harry Zolnierczyk, Ronalds Kenins - PK : Brandon Defazio
Extra Defensemen
Normal : Kane Lafranchise, Keith Seabrook, Adam Comrie - PP : Kane Lafranchise - PK : Keith Seabrook, Adam Comrie
Penalty Shots
Brandon Defazio, Brandon Bollig, Patrick Kaleta, Ty Rattie, Ronalds Kenins

% Time on Ice - Checkers

Lines # - Real PCT - Wanted PCT - Time Play
Normal Forward
1 - 25% - 35% - 12:30
2 - 29% - 30% - 14:38
3 - 29% - 22% - 14:40
4 - 18% - 13% - 9:13
Normal Defense
1 - 31% - 35% - 15:36
2 - 30% - 30% - 15:13
3 - 33% - 22% - 16:41
4 - 7% - 13% - 3:31
PP Forward
1 - 48% - 60% - 1:54
2 - 52% - 40% - 2:04
PP Defense
1 - 39% - 60% - 1:34
2 - 61% - 40% - 2:24
PK Forward
1 - 69% - 60% - 3:28
2 - 31% - 40% - 1:33
PK Defense
1 - 52% - 60% - 2:37
2 - 48% - 40% - 2:24
PK3 Forward
1 - 100% - 60% - 1:22
2 - 0% - 40% - 0:00
PK3 Defense
1 - 100% - 60% - 1:22
2 - 0% - 40% - 0:00
44 Forward
1 - 100% - 60% - 3:38
2 - 0% - 40% - 0:00
44 Defense
1 - 42% - 60% - 1:31
2 - 58% - 40% - 2:07
Last Minute Offensive  - 0:00
Last Minute Defensive  - 0:00
Total
Forward - 65:00
Defense - 65:00

% Time on Ice - Tigers

Lines # - Real PCT - Wanted PCT - Time Play
Normal Forward
1 - 34% - 35% - 17:07
2 - 28% - 30% - 14:08
3 - 27% - 22% - 13:35
4 - 12% - 13% - 6:11
Normal Defense
1 - 34% - 35% - 17:15
2 - 28% - 30% - 14:02
3 - 21% - 22% - 10:42
4 - 18% - 13% - 9:02
PP Forward
1 - 54% - 60% - 2:44
2 - 46% - 40% - 2:17
PP Defense
1 - 51% - 60% - 2:35
2 - 49% - 40% - 2:26
PK Forward
1 - 96% - 60% - 3:49
2 - 4% - 40% - 0:09
PK Defense
1 - 79% - 60% - 3:09
2 - 21% - 40% - 0:49
PK3 Forward
1 - 0% - 60%
2 - 0% - 40%
PK3 Defense
1 - 0% - 60%
2 - 0% - 40%
44 Forward
1 - 86% - 60% - 4:19
2 - 14% - 40% - 0:41
44 Defense
1 - 47% - 60% - 2:20
2 - 53% - 40% - 2:40
Last Minute Offensive  - 0:00
Last Minute Defensive  - 0:00
Total
Forward - 65:00
Defense - 65:00

Play by Play

1st period


0:01 of 1st period - Alexander Khokhlachev wins face-off versus Michael Bournival in neutral zone.
0:04 of 1st period - Wrist shot by Patrick Kaleta.
0:04 of 1st period - Stopped by Drew MacIntyre with a rebound.
0:06 of 1st period - Slapshot by Cody McLeod.
0:06 of 1st period - Shot Blocked by Peter Harrold.
0:46 of 1st period - Carter Rowney is hit by Michael Bournival and loses puck.
0:53 of 1st period - Peter Harrold is hit by Ty Rattie.
1:22 of 1st period - Minor Penalty to Brandon Mashinter for Hooking.
1:23 of 1st period - Jason Chimera wins face-off versus Alexander Khokhlachev in Checkers zone.
1:46 of 1st period - Wrist shot by Ronalds Kenins.
1:46 of 1st period - Shot Misses the Net.
2:06 of 1st period - Snap shot by Brandon Bollig.
2:06 of 1st period - Shot Blocked by Jim O'Brien.
2:08 of 1st period - Slapshot by Carter Rowney.
2:08 of 1st period - Shot Blocked by Blake Parlett.
3:22 of 1st period - Penalty to Brandon Mashinter is over, Brandon Mashinter is back on ice.
3:32 of 1st period - Off-side.
3:33 of 1st period - Harry Zolnierczyk wins face-off versus Wacey Hamilton in neutral zone.
4:00 of 1st period - Backhand shot by Sean Backman.
4:00 of 1st period - Shot Misses the Net.
4:02 of 1st period - Wrist shot by Jaime Sifers.
4:02 of 1st period - Shot Blocked by Kyle Quincey.
4:04 of 1st period - Snap shot by Wacey Hamilton.
4:04 of 1st period - Stopped by Cam Ward with a rebound.
4:06 of 1st period - Slapshot by Jaime Sifers.
4:06 of 1st period - Shot Blocked by Harry Zolnierczyk.
4:08 of 1st period - Snap shot by Sean Backman.
4:08 of 1st period - Stopped by Cam Ward without a rebound.
4:09 of 1st period - Brandon Mashinter wins face-off versus Chandler Stephenson in Tigers zone.
4:14 of 1st period - Snap shot by Jim O'Brien.
4:14 of 1st period - Stopped by Cam Ward without a rebound.
4:15 of 1st period - Andrew Gordon wins face-off versus Chandler Stephenson in Tigers zone.
4:49 of 1st period - Minor Penalty to Petteri Lindbohm for Diving.
4:50 of 1st period - Michael Bournival wins face-off versus Brandon Bollig in Checkers zone.
5:35 of 1st period - Adam Cracknell is hit by Alexander Khokhlachev.
5:54 of 1st period - Kane Lafranchise is hit by Jason Chimera and loses puck.
6:49 of 1st period - Penalty to Petteri Lindbohm is over, Petteri Lindbohm is back on ice.
7:01 of 1st period - Snap shot by Jim O'Brien.
7:01 of 1st period - Deflect By Petteri Lindbohm.
7:01 of 1st period - Stopped by Cam Ward without a rebound.
7:02 of 1st period - Carter Rowney wins face-off versus Wacey Hamilton in Tigers zone.
7:19 of 1st period - Wrist shot by Sean Backman.
7:19 of 1st period - Deflect By Tomas Vincour.
7:19 of 1st period - Shot Blocked by Jordan Leopold.
7:19 of 1st period - Puck is out of play.
7:20 of 1st period - Alexander Khokhlachev wins face-off versus Wacey Hamilton in Tigers zone.
7:35 of 1st period - Snap shot by Sean Backman.
7:35 of 1st period - Deflect By Cody McLeod.
7:35 of 1st period - Stopped by Cam Ward with a rebound.
7:37 of 1st period - Slapshot by Tomas Vincour.
7:37 of 1st period - Stopped by Cam Ward with a rebound.
9:57 of 1st period - Jaime Sifers is hit by Chandler Stephenson and loses puck.
10:04 of 1st period - Slapshot by Michael Sdao.
10:04 of 1st period - Deflect By Michael Bournival.
10:04 of 1st period - Shot Misses the Net.
10:04 of 1st period - Puck is out of play.
10:05 of 1st period - Chandler Stephenson wins face-off versus Michael Bournival in Tigers zone.
10:05 of 1st period - Chandler Stephenson is hit by Adam Cracknell.
10:26 of 1st period - Jason Chimera is hit by Cody McLeod and loses puck.
10:51 of 1st period - Jaime Sifers is hit by Carter Rowney and loses puck.
11:22 of 1st period - Snap shot by Peter Harrold.
11:22 of 1st period - Shot Blocked by Adam Comrie.
11:24 of 1st period - Slapshot by Tomas Vincour.
11:24 of 1st period - Shot Blocked by Keith Seabrook.
11:26 of 1st period - Slapshot by Sean Backman.
11:26 of 1st period - Stopped by Cam Ward with a rebound.
11:28 of 1st period - Snap shot by Peter Harrold.
11:28 of 1st period - Shot Misses the Net.
11:30 of 1st period - Slapshot by Peter Harrold.
11:30 of 1st period - Shot Blocked by Adam Comrie.
11:54 of 1st period - Snap shot by Jim O'Brien.
11:54 of 1st period - Stopped by Cam Ward with a rebound.
11:56 of 1st period - Wrist shot by Julien Brouillette.
11:56 of 1st period - Shot Blocked by Adam Comrie.
11:58 of 1st period - Snap shot by Brandon Mashinter.
11:58 of 1st period - Stopped by Cam Ward with a rebound.
12:40 of 1st period - Wacey Hamilton is hit by Cody McLeod and loses puck.
13:11 of 1st period - Petteri Lindbohm is hit by Adam Comrie and loses puck.
14:47 of 1st period - Snap shot by Cody McLeod.
14:47 of 1st period - Stopped by Drew MacIntyre with a rebound.
14:49 of 1st period - Snap shot by Adam Comrie.
14:49 of 1st period - Stopped by Drew MacIntyre with a rebound.
15:40 of 1st period - Chandler Stephenson is hit by Jaime Sifers and loses puck.
17:13 of 1st period - Carter Rowney is hit by Jason Chimera and loses puck.
18:00 of 1st period - Snap shot by Harry Zolnierczyk.
18:00 of 1st period - Stopped by Drew MacIntyre with a rebound.
18:43 of 1st period - Jaime Sifers is hit by Carter Rowney and loses puck.
18:52 of 1st period - Wrist shot by Ty Rattie.
18:52 of 1st period - Shot Misses the Net.
18:54 of 1st period - Slapshot by Kyle Quincey.
18:54 of 1st period - Deflect By Jason Chimera.
18:54 of 1st period - Stopped by Drew MacIntyre with a rebound.
18:56 of 1st period - Snap shot by Cody McLeod.
18:56 of 1st period - Stopped by Drew MacIntyre with a rebound.
19:56 of 1st period - Minor Penalty to Wacey Hamilton for Hooking.
19:57 of 1st period - Alexander Khokhlachev wins face-off versus Sean Backman in Checkers zone.
Goals for this period are 0 for Checkers vs 0 for Tigers.
Shots for this period are 9 for Checkers vs 6 for Tigers.

2nd period


0:01 of 2nd period - Ronalds Kenins wins face-off versus Jason Chimera in neutral zone.
0:12 of 2nd period - Snap shot by Patrick Kaleta.
0:12 of 2nd period - Stopped by Drew MacIntyre without a rebound.
0:13 of 2nd period - Jason Chimera wins face-off versus Alexander Khokhlachev in Checkers zone.
0:22 of 2nd period - Wrist shot by Patrick Kaleta.
0:22 of 2nd period - Goal by Patrick Kaleta - Checkers : 0 - Tigers : 1.
0:23 of 2nd period - Alexander Khokhlachev wins face-off versus Andrew Gordon in neutral zone.
0:32 of 2nd period - Snap shot by Jim O'Brien.
0:32 of 2nd period - Shot Blocked by Patrick Kaleta.
0:46 of 2nd period - Wrist shot by Jim O'Brien.
0:46 of 2nd period - Shot Misses the Net.
0:48 of 2nd period - Wrist shot by Brandon Mashinter.
0:48 of 2nd period - Shot Blocked by Adam Comrie.
0:50 of 2nd period - Slapshot by Peter Harrold.
0:50 of 2nd period - Shot Blocked by Kane Lafranchise.
1:18 of 2nd period - Slapshot by Michael Bournival.
1:18 of 2nd period - Stopped by Cam Ward with a rebound.
1:36 of 2nd period - Snap shot by Jason Chimera.
1:36 of 2nd period - Deflect By Michael Bournival.
1:36 of 2nd period - Shot Misses the Net.
1:36 of 2nd period - Puck is out of play.
1:37 of 2nd period - Wacey Hamilton wins face-off versus Carter Rowney in Tigers zone.
2:49 of 2nd period - Keith Seabrook is hit by Darian Dziurzynski and loses puck.
3:18 of 2nd period - Wrist shot by Brandon Bollig.
3:18 of 2nd period - Shot Misses the Net.
3:28 of 2nd period - Wrist shot by Peter Harrold.
3:28 of 2nd period - Stopped by Cam Ward without a rebound.
3:29 of 2nd period - Alexander Khokhlachev wins face-off versus Michael Bournival in Tigers zone.
3:29 of 2nd period - Alexander Khokhlachev is hit by Jason Chimera.
4:23 of 2nd period - Adam Comrie is hit by Tomas Vincour and loses puck.
4:33 of 2nd period - Anthony Peluso and Tomas Vincour fight to a draw.
4:33 of 2nd period - Penalty to Anthony Peluso for Fighting.
4:33 of 2nd period - Penalty to Tomas Vincour for Fighting.
4:34 of 2nd period - Jim O'Brien wins face-off versus Chandler Stephenson in Checkers zone.
4:45 of 2nd period - Slapshot by Peter Harrold.
4:45 of 2nd period - Stopped by Cam Ward with a rebound.
4:51 of 2nd period - Slapshot by Jim O'Brien.
4:51 of 2nd period - Shot Misses the Net.
4:57 of 2nd period - Wrist shot by Jim O'Brien.
4:57 of 2nd period - Stopped by Cam Ward with a rebound.
4:59 of 2nd period - Slapshot by Peter Harrold.
4:59 of 2nd period - Stopped by Cam Ward with a rebound.
5:01 of 2nd period - Snap shot by Peter Harrold.
5:01 of 2nd period - Shot Misses the Net.
5:03 of 2nd period - Slapshot by Petteri Lindbohm.
5:03 of 2nd period - Stopped by Cam Ward without a rebound.
5:04 of 2nd period - Wacey Hamilton wins face-off versus Alexander Khokhlachev in Tigers zone.
5:04 of 2nd period - Colin Campbell beats up Cody McLeod.
5:04 of 2nd period - Penalty to Cody McLeod for Fighting.
5:04 of 2nd period - Penalty to Colin Campbell for Fighting.
5:05 of 2nd period - Michael Bournival wins face-off versus Alexander Khokhlachev in Tigers zone.
5:12 of 2nd period - Wrist shot by Michael Bournival.
5:12 of 2nd period - Shot Misses the Net.
5:14 of 2nd period - Wrist shot by Peter Harrold.
5:14 of 2nd period - Shot Misses the Net.
5:16 of 2nd period - Snap shot by Adam Cracknell.
5:16 of 2nd period - Shot Blocked by Kane Lafranchise.
5:18 of 2nd period - Slapshot by Peter Harrold.
5:18 of 2nd period - Stopped by Cam Ward without a rebound.
5:19 of 2nd period - Alexander Khokhlachev wins face-off versus Michael Bournival in Tigers zone.
5:59 of 2nd period - Jim O'Brien is hit by Alexander Khokhlachev and loses puck.
6:40 of 2nd period - Snap shot by Brandon Bollig.
6:40 of 2nd period - Stopped by Drew MacIntyre without a rebound.
6:41 of 2nd period - Wacey Hamilton wins face-off versus Ronalds Kenins in Checkers zone.
6:46 of 2nd period - Ronalds Kenins is hit by Sean Backman and loses puck.
6:57 of 2nd period - Wrist shot by Ronalds Kenins.
6:57 of 2nd period - Stopped by Drew MacIntyre with a rebound.
7:07 of 2nd period - Wacey Hamilton is hit by Kyle Quincey.
7:40 of 2nd period - Icing by Jordan Leopold.
7:41 of 2nd period - Alexander Khokhlachev wins face-off versus Jim O'Brien in Tigers zone.
8:06 of 2nd period - Slapshot by Jim O'Brien.
8:06 of 2nd period - Stopped by Cam Ward with a rebound.
8:08 of 2nd period - Wrist shot by Brandon Mashinter.
8:08 of 2nd period - Stopped by Cam Ward without a rebound.
8:09 of 2nd period - Wacey Hamilton wins face-off versus Carter Rowney in Tigers zone.
9:00 of 2nd period - Slapshot by Jason Chimera.
9:00 of 2nd period - Shot Blocked by Adam Comrie.
9:02 of 2nd period - Wrist shot by Julien Brouillette.
9:02 of 2nd period - Stopped by Cam Ward with a rebound.
9:46 of 2nd period - Michael Sdao is hit by Brandon Defazio and loses puck.
9:59 of 2nd period - Slapshot by Ty Rattie.
9:59 of 2nd period - Stopped by Drew MacIntyre without a rebound.
10:00 of 2nd period - Carter Rowney wins face-off versus Wacey Hamilton in Checkers zone.
10:01 of 2nd period - Snap shot by Ty Rattie.
10:01 of 2nd period - Stopped by Drew MacIntyre with a rebound.
10:03 of 2nd period - Slapshot by Carter Rowney.
10:03 of 2nd period - Stopped by Drew MacIntyre with a rebound.
10:05 of 2nd period - Snap shot by Carter Rowney.
10:05 of 2nd period - Shot Blocked by Peter Harrold.
10:07 of 2nd period - Snap shot by Carter Rowney.
10:07 of 2nd period - Shot Misses the Net.
10:49 of 2nd period - Anthony Peluso is hit by Jason Chimera and loses puck.
11:16 of 2nd period - Slapshot by Andrew Gordon.
11:16 of 2nd period - Stopped by Cam Ward with a rebound.
11:18 of 2nd period - Wrist shot by Blake Parlett.
11:18 of 2nd period - Shot Misses the Net.
11:20 of 2nd period - Slapshot by Julien Brouillette.
11:20 of 2nd period - Stopped by Cam Ward with a rebound.
11:22 of 2nd period - Snap shot by Brandon Mashinter.
11:22 of 2nd period - Deflect By Andrew Gordon.
11:22 of 2nd period - Shot Blocked by Keith Seabrook.
11:22 of 2nd period - Puck is out of play.
11:23 of 2nd period - Harry Zolnierczyk wins face-off versus Jim O'Brien in Tigers zone.
11:28 of 2nd period - Slapshot by Brandon Defazio.
11:28 of 2nd period - Deflect By Jim O'Brien.
11:28 of 2nd period - Shot Hit the Post.
11:28 of 2nd period - Puck is out of play.
11:29 of 2nd period - Jim O'Brien wins face-off versus Carter Rowney in Checkers zone.
12:26 of 2nd period - Patrick Kaleta is hit by Jaime Sifers and loses puck.
12:35 of 2nd period - Tomas Vincour is hit by Cody McLeod and loses puck.
13:26 of 2nd period - Snap shot by Brandon Defazio.
13:26 of 2nd period - Shot Misses the Net.
13:28 of 2nd period - Slapshot by Brandon Bollig.
13:28 of 2nd period - Shot Misses the Net.
13:30 of 2nd period - Snap shot by Brandon Bollig.
13:30 of 2nd period - Shot Misses the Net.
14:22 of 2nd period - Kyle Quincey is hit by Adam Cracknell.
14:48 of 2nd period - Peter Harrold is hit by Carter Rowney.
15:01 of 2nd period - Cody McLeod and Brandon Mashinter fight to a draw.
15:01 of 2nd period - Penalty to Cody McLeod for Fighting.
15:01 of 2nd period - Penalty to Brandon Mashinter for Fighting.
15:01 of 2nd period - Penalty to Cody McLeod for instigated a fight.
15:01 of 2nd period - Penalty to Cody McLeod for instigated a fight.
15:02 of 2nd period - Alexander Khokhlachev wins face-off versus Jim O'Brien in neutral zone.
15:17 of 2nd period - Brandon Bollig is hit by Andrew Gordon and loses puck.
16:12 of 2nd period - Slapshot by Michael Bournival.
16:12 of 2nd period - Stopped by Cam Ward with a rebound.
16:14 of 2nd period - Slapshot by Blake Parlett.
16:14 of 2nd period - Shot Hit the Post.
16:16 of 2nd period - Slapshot by Julien Brouillette.
16:16 of 2nd period - Shot Misses the Net.
16:37 of 2nd period - Kyle Quincey is hit by Colin Campbell and loses puck.
16:58 of 2nd period - Jordan Leopold is hit by Adam Cracknell and loses puck.
17:01 of 2nd period - Penalty to Cody McLeod is over, Ty Rattie is send on ice.
18:11 of 2nd period - Slapshot by Petteri Lindbohm.
18:11 of 2nd period - Stopped by Cam Ward with a rebound.
18:29 of 2nd period - Patrick Kaleta is hit by Andrew Gordon.
18:53 of 2nd period - Julien Brouillette is hit by Carter Rowney and loses puck.
19:23 of 2nd period - Jason Chimera is hit by Harry Zolnierczyk and loses puck.
19:32 of 2nd period - Harry Zolnierczyk is hit by Willie Coetzee and loses puck.
Goals for this period are 0 for Checkers vs 1 for Tigers.
Shots for this period are 14 for Checkers vs 7 for Tigers.

3rd period


0:01 of 3rd period - Alexander Khokhlachev wins face-off versus Michael Bournival in neutral zone.
0:56 of 3rd period - Snap shot by Brandon Bollig.
0:56 of 3rd period - Shot Misses the Net.
1:03 of 3rd period - Minor Penalty to Carter Rowney for Slashing.
1:04 of 3rd period - Alexander Khokhlachev wins face-off versus Jim O'Brien in Tigers zone.
2:43 of 3rd period - Jordan Leopold is hit by Julien Brouillette and loses puck.
3:03 of 3rd period - Penalty to Carter Rowney is over, Carter Rowney is back on ice.
3:16 of 3rd period - Snap shot by Petteri Lindbohm.
3:16 of 3rd period - Shot Hit the Post.
3:30 of 3rd period - Slapshot by Peter Harrold.
3:30 of 3rd period - Shot Blocked by Carter Rowney.
3:32 of 3rd period - Wrist shot by Sean Backman.
3:32 of 3rd period - Deflect By Tomas Vincour.
3:32 of 3rd period - Stopped by Cam Ward without a rebound.
3:33 of 3rd period - Wacey Hamilton wins face-off versus Ronalds Kenins in Tigers zone.
6:00 of 3rd period - Wrist shot by Jim O'Brien.
6:00 of 3rd period - Deflect By Anthony Peluso.
6:00 of 3rd period - Stopped by Cam Ward without a rebound.
6:01 of 3rd period - Jim O'Brien wins face-off versus Chandler Stephenson in Tigers zone.
6:20 of 3rd period - Peter Harrold is hit by Ronalds Kenins and loses puck.
6:44 of 3rd period - Wrist shot by Ty Rattie.
6:44 of 3rd period - Shot Blocked by Petteri Lindbohm.
7:29 of 3rd period - Brandon Mashinter is hit by Alexander Khokhlachev and loses puck.
7:58 of 3rd period - Brandon Bollig is hit by Michael Bournival.
8:30 of 3rd period - Slapshot by Sean Backman.
8:30 of 3rd period - Shot Misses the Net.
8:32 of 3rd period - Snap shot by Jaime Sifers.
8:32 of 3rd period - Shot Blocked by Kane Lafranchise.
8:34 of 3rd period - Snap shot by Sean Backman.
8:34 of 3rd period - Shot Blocked by Carter Rowney.
9:18 of 3rd period - Connor Carrick is hit by Peter Harrold and loses puck.
9:47 of 3rd period - Harry Zolnierczyk is hit by Tomas Vincour and loses puck.
10:01 of 3rd period - 10 Minutes Misconduct Penalty to Cody McLeod is over.
10:21 of 3rd period - Wrist shot by Michael Bournival.
10:21 of 3rd period - Shot Misses the Net.
10:23 of 3rd period - Wrist shot by Adam Cracknell.
10:23 of 3rd period - Stopped by Cam Ward with a rebound.
10:53 of 3rd period - Connor Carrick is hit by Brandon Mashinter and loses puck.
11:28 of 3rd period - Slapshot by Cody McLeod.
11:28 of 3rd period - Stopped by Drew MacIntyre with a rebound.
11:30 of 3rd period - Slapshot by Keith Seabrook.
11:30 of 3rd period - Deflect By Ty Rattie.
11:30 of 3rd period - Stopped by Drew MacIntyre without a rebound.
11:31 of 3rd period - Cody McLeod wins face-off versus Andrew Gordon in Checkers zone.
11:46 of 3rd period - Snap shot by Jim O'Brien.
11:46 of 3rd period - Shot Misses the Net.
11:48 of 3rd period - Snap shot by Jim O'Brien.
11:48 of 3rd period - Goal by Jim O'Brien - Checkers : 1 - Tigers : 1.
11:49 of 3rd period - Alexander Khokhlachev wins face-off versus Wacey Hamilton in neutral zone.
12:49 of 3rd period - Wrist shot by Cody McLeod.
12:49 of 3rd period - Stopped by Drew MacIntyre with a rebound.
12:51 of 3rd period - Snap shot by Cody McLeod.
12:51 of 3rd period - Stopped by Drew MacIntyre with a rebound.
12:53 of 3rd period - Wrist shot by Harry Zolnierczyk.
12:53 of 3rd period - Shot Misses the Net.
12:55 of 3rd period - Slapshot by Adam Comrie.
12:55 of 3rd period - Deflect By Jaime Sifers.
12:55 of 3rd period - Stopped by Drew MacIntyre with a rebound.
13:57 of 3rd period - Brandon Defazio is hit by Blake Parlett and loses puck.
14:12 of 3rd period - Alexander Khokhlachev is hit by Jim O'Brien and loses puck.
14:34 of 3rd period - Cody McLeod is hit by Wacey Hamilton and loses puck.
15:16 of 3rd period - Brandon Bollig is hit by Adam Cracknell and loses puck.
15:24 of 3rd period - Icing by Ty Rattie.
15:25 of 3rd period - Jason Chimera wins face-off versus Carter Rowney in Tigers zone.
16:13 of 3rd period - Snap shot by Brandon Defazio.
16:13 of 3rd period - Stopped by Drew MacIntyre with a rebound.
16:47 of 3rd period - Icing by Brandon Defazio.
16:48 of 3rd period - Carter Rowney wins face-off versus Jim O'Brien in Tigers zone.
17:44 of 3rd period - Ronalds Kenins is hit by Michael Bournival and loses puck.
18:15 of 3rd period - Off-side.
18:16 of 3rd period - Alexander Khokhlachev wins face-off versus Jason Chimera in neutral zone.
19:08 of 3rd period - Peter Harrold is hit by Patrick Kaleta and loses puck.
19:22 of 3rd period - Minor Penalty to Colin Campbell for Holding.
19:23 of 3rd period - Jason Chimera wins face-off versus Carter Rowney in Checkers zone.
Goals for this period are 1 for Checkers vs 0 for Tigers.
Shots for this period are 4 for Checkers vs 6 for Tigers.

Overtime #1


0:01 of 1st overtime period - Jason Chimera wins face-off versus Cody McLeod in neutral zone.
0:35 of 1st overtime period - Jason Chimera is hit by Cody McLeod and loses puck.
0:52 of 1st overtime period - Peter Harrold is hit by Brandon Bollig and loses puck.
1:22 of 1st overtime period - Penalty to Colin Campbell is over, Colin Campbell is back on ice.
1:32 of 1st overtime period - Cody McLeod is hit by Petteri Lindbohm and loses puck.
1:53 of 1st overtime period - Snap shot by Sean Backman.
1:53 of 1st overtime period - Shot Misses the Net.
2:31 of 1st overtime period - Michael Bournival is hit by Patrick Kaleta.
2:35 of 1st overtime period - Colin Campbell is hit by Kane Lafranchise and loses puck.
2:55 of 1st overtime period - Icing by Ronalds Kenins.
2:56 of 1st overtime period - Harry Zolnierczyk wins face-off versus Tomas Vincour in Tigers zone.
3:06 of 1st overtime period - Slapshot by Peter Harrold.
3:06 of 1st overtime period - Shot Misses the Net.
3:25 of 1st overtime period - Jason Chimera is hit by Ronalds Kenins and loses puck.
4:02 of 1st overtime period - Adam Comrie is hit by Petteri Lindbohm and loses puck.
4:17 of 1st overtime period - Cody McLeod is hit by Adam Cracknell and loses puck.
Goals for this period are 0 for Checkers vs 0 for Tigers.
Shots for this period are 0 for Checkers vs 0 for Tigers.

ShootOut


5:00 of 1st overtime period - Penalty Shot by Jason Chimera for Checkers.
5:00 of 1st overtime period - Deke by Jason Chimera.
5:00 of 1st overtime period - Stopped by Cam Ward.
5:00 of 1st overtime period - Penalty Shot by Brandon Defazio for Tigers.
5:00 of 1st overtime period - Snap shot by Brandon Defazio.
5:00 of 1st overtime period - Stopped by Drew MacIntyre.
5:00 of 1st overtime period - Penalty Shot by Michael Bournival for Checkers.
5:00 of 1st overtime period - Snap shot by Michael Bournival.
5:00 of 1st overtime period - Stopped by Cam Ward.
5:00 of 1st overtime period - Penalty Shot by Brandon Bollig for Tigers.
5:00 of 1st overtime period - Deke by Brandon Bollig.
5:00 of 1st overtime period - Stopped by Drew MacIntyre.
5:00 of 1st overtime period - Penalty Shot by Adam Cracknell for Checkers.
5:00 of 1st overtime period - Deke by Adam Cracknell.
5:00 of 1st overtime period - Stopped by Cam Ward.
5:00 of 1st overtime period - Penalty Shot by Patrick Kaleta for Tigers.
5:00 of 1st overtime period - Deke by Patrick Kaleta.
5:00 of 1st overtime period - Stopped by Drew MacIntyre.
5:00 of 1st overtime period - Penalty Shot by Jim O'Brien for Checkers.
5:00 of 1st overtime period - Snap shot by Jim O'Brien.
5:00 of 1st overtime period - Shot Misses the Net.
5:00 of 1st overtime period - Penalty Shot by Ty Rattie for Tigers.
5:00 of 1st overtime period - Wrist shot by Ty Rattie.
5:00 of 1st overtime period - Stopped by Drew MacIntyre.
5:00 of 1st overtime period - Penalty Shot by Andrew Gordon for Checkers.
5:00 of 1st overtime period - Wrist shot by Andrew Gordon.
5:00 of 1st overtime period - Stopped by Cam Ward.
5:00 of 1st overtime period - Penalty Shot by Ronalds Kenins for Tigers.
5:00 of 1st overtime period - Wrist shot by Ronalds Kenins.
5:00 of 1st overtime period - Stopped by Drew MacIntyre.
5:00 of 1st overtime period - Penalty Shot by Sean Backman for Checkers.
5:00 of 1st overtime period - Backhand shot by Sean Backman.
5:00 of 1st overtime period - Shot Misses the Net.
5:00 of 1st overtime period - Penalty Shot by Cody McLeod for Tigers.
5:00 of 1st overtime period - Wrist shot by Cody McLeod.
5:00 of 1st overtime period - Stopped by Drew MacIntyre.
5:00 of 1st overtime period - Penalty Shot by Brandon Mashinter for Checkers.
5:00 of 1st overtime period - Backhand shot by Brandon Mashinter.
5:00 of 1st overtime period - Stopped by Cam Ward.
5:00 of 1st overtime period - Penalty Shot by Jordan Leopold for Tigers.
5:00 of 1st overtime period - Snap shot by Jordan Leopold.
5:00 of 1st overtime period - Shot Misses the Net.
5:00 of 1st overtime period - Penalty Shot by Darian Dziurzynski for Checkers.
5:00 of 1st overtime period - Wrist shot by Darian Dziurzynski.
5:00 of 1st overtime period - Stopped by Cam Ward.
5:00 of 1st overtime period - Penalty Shot by Harry Zolnierczyk for Tigers.
5:00 of 1st overtime period - Backhand shot by Harry Zolnierczyk.
5:00 of 1st overtime period - Goal by Harry Zolnierczyk.